Map: Chain of Ascension

Players

raincamp

  • Race: Zerg Zerg
  • Spawn Location: 11:00

raincamp

  • Race: Terran Terran
  • Spawn Location: 11:00

VOD

Have the link to the VOD?

Description

Time

  • Played on: Nov. 19, 2017, 8:14 a.m.
  • Length: 16:36
Show
View Real Time Build Order
Export as new Build Order

raincamp Zerg 

Build Orders:  

Get SALT Encoding   

  12  0:16  Drone  
  12  0:17  Drone  
  14  0:27  Overlord  
  14  0:52  Drone x3  
  17  1:08  Roach Warren  
  16  1:12  Drone, Extractor  
  16  1:14  Extractor  
  16  1:19  Drone  
  16  1:33  Roach  
  18  1:47  Drone x2  
  18  1:48  Drone  
  21  1:53  Drone  
  22  2:21  Lair  
  22  2:24  Overlord  
  22  2:26  Roach  
  22  2:48  Brutalisk  
  22  2:59  Drone  
  23  3:46  Drone x2  
  23  3:47  Drone  
  26  3:51  Spire  
  25  4:04  Roach x2  
  25  4:07  Hatchery  
  28  4:32  Drone x2  
  28  4:33  Overlord  
  30  4:56  Drone  
  30  4:57  Drone  
  30  4:59  Drone x3  
  35  5:00  Roach  
  35  5:22  Brutalisk  
  35  5:26  Roach, Extractor  
  34  5:32  Extractor  
  34  5:38  Drone x3  
  36  5:40  Drone x3  
  36  5:48  Brutalisk  
  39  5:50  Mutalisk x2  
  39  5:52  Overlord x2  
  43  6:21  Drone x4  
  43  6:25  Queen  
  43  6:26  Queen  
  47  6:30  Evolution Chamber  
  47  6:32  Infestation Pit  
  49  6:51  Mutalisk  
  49  6:58  Mutalisk  
  51  7:15  Mutalisk  
  51  7:25  Hive  
  51  7:26  Drone x4, Leviathan  
  51  7:29  Overlord  
  55  7:43  Leviathan  
  55  7:52  Queen  
  55  8:05  Bio-Mechanical Transfusion, Sundering Glave  
  55  8:11  Mutalisk  
  57  8:39  Leviathan  
  57  8:51  Zerg Missile Weapons Level 1  
  57  9:17  Vicious Glave  
  57  9:45  Mutalisk x5  
  57  9:47  Overlord x2  
  57  9:48  Overlord x2  
  57  9:49  Queen  
  67  10:08  Drone  
  68  10:11  Zerg Flyer Weapons Level 1  
  68  10:12  Overlord x4  
  68  10:34  Brutalisk  
  68  10:35  Mutalisk x3  
  68  10:36  Mutalisk x2  
  68  10:37  Spore Crawler, Viper  
  68  10:38  Spore Crawler  
  68  10:39  Spore Crawler  
  73  10:42  Spore Crawler  
  75  11:24  Mutalisk x5  
  83  12:35  Mutalisk x4  
  83  12:36  Mutalisk x2  
  93  12:54  Zerg Missile Weapons Level 2  
  93  12:57  Roach  
  93  12:58  Roach x5  
  101  13:32  Mutalisk x3  
  107  14:12  Roach x2  
  107  14:13  Mutalisk x3  
  117  14:58  Mutalisk x2  
  117  14:59  Mutalisk x2  
  125  15:01  Roach x3  
Show
View Real Time Build Order
Export as new Build Order

raincamp Terran 

Build Orders:  

Get SALT Encoding   

  12  0:12  SCV  
Tags
 
Add a new tag
Caveats
  • Supply blocks, unpowered buildings, or Contaminate may cause inaccurate times.
  • Supply counts are checked every 10 seconds.